 Dungeon Crawl Stone Soup version 0.29.1-15-g9cfb28693d (webtiles) character file.

Game seed: 16555661917485299915

4 kingofthe the Conjurer (level 1, 0/11 HPs)
             Began as an Octopode Conjurer on Mar 4, 2023.
             Slain by a giant cockroach (1 damage)
             ... on level 1 of the Dungeon.
             The game lasted 00:00:46 (74 turns).

kingofthe the Conjurer (Octopode Conjurer)            Turns: 74, Time: 00:00:47

Health: 0/11       AC:  1    Str:  6    XL:     1   Next: 60%
Magic:  0/3        EV: 13    Int: 20    God:
Gold:   11         SH:  0    Dex: 16    Spells: 3/4 levels left

rFire   . . .      SeeInvis .   (no weapon)
rCold   . . .      Faith    .   (no shield)
rNeg    . . .      Spirit   .   (helmet restricted)
rPois   .          Reflect  .   (no amulet)
rElec   .          Harm     .   D - +6 ring of dexterity
rCorr   .          Rampage  .   (no ring)
Will    .....                   (no ring)
Stlth   ++++......              (no ring)
HPRegen 0.03/turn               (no ring)
MPRegen 0.08/turn               (no ring)
                                (no ring)
                                (no ring)

@: no status effects
A: almost no armour, amphibious, 8 rings, camouflage 1, gelatinous body 1,
nimble swimmer 1, tentacles
a: no special abilities


You were on level 1 of the Dungeon.
You visited 1 branch of the dungeon, and saw 1 of its levels.

You collected 11 gold pieces.


Innate Abilities, Weirdness & Mutations

You cannot wear most types of armour.
You are amphibious.
You can wear up to eight rings at the same time.
Your skin changes colour to match your surroundings (Stealth+).
Your rubbery body absorbs attacks. (AC +1, EV +1)
You are camouflaged when in or above water. (Stealth+)
You have tentacles for arms and can constrict up to eight enemies at once.


   Skills:
 * Level 2.1 Dodging
 + Level 2.7 Stealth
 * Level 2.0 Spellcasting
 * Level 4.0 Conjurations


You had 3 spell levels left.
You knew the following spells:

 Your Spells              Type           Power      Damage    Failure   Level
a - Magic Dart            Conj           72%        1d6       3%          1

Your spell library contained the following spells:

 Spells                   Type           Power      Damage    Failure   Level
 Searing Ray              Conj           36%        2d5       4%          2
 Dazzling Flash           Conj/Hex       20%        N/A       21%         3
 Fulminant Prism          Conj/Hex       5%         3d7       56%         4
 Iskenderun's Mystic Bla  Conj/Tloc      10%        2d4       56%         4

Inventory:

Jewellery
 D - a +6 ring of dexterity (left tentacle)
Potions
 a - a potion of magic

Dungeon Overview and Level Annotations

Branches:
Dungeon (1/15)

Altars:

#.#..≈≈(..♣.≈≈........
#...≈≈..♣....≈≈..##..
#..≈≈..8.<..♣.≈≈.#
#..≈..♣.....8..≈.#
#..≈.....♣.....≈.#
##.≈≈.♣.......≈≈.##
#..≈≈..8..♣.≈≈...#
##..≈≈♣....≈≈....###.
##.†≈@≈.≈≈≈........g
##.....B......#.####.
#$..............#
#......$.....#..#####.
#...!.................
##..............#####.
##..)..........#
#......$...#..#
##.##.###.##...#


You could see a giant cockroach.


Message History

Casting: Magic Dart (safe; 3% risk of failure)
Confirm with . or Enter, or press ? or * to list all spells.
Aiming: Magic Dart (safe; 3% risk of failure)
Press: ? - help, Shift-Dir - straight line, f/p - dart slug
Aim: a dart slug (severely wounded, 100% to hit)
The magic dart hits the dart slug.
The dart slug is almost dead.
Casting: Magic Dart (safe; 3% risk of failure)
Confirm with . or Enter, or press ? or * to list all spells.
You don't have enough magic to cast this spell.
The dart slug launches a dart at you. The slug dart hits you.
* * * LOW HITPOINT WARNING * * *
The giant cockroach misses you.
The giant cockroach attacks as you move away!
The giant cockroach completely misses you.
You tentacle-slap the dart slug.
You kill the dart slug!
The giant cockroach bites you.
* * * LOW HITPOINT WARNING * * *
You tentacle-slap the giant cockroach but do no damage.
Your grab misses the giant cockroach.
The giant cockroach is moderately wounded.
The giant cockroach misses you. The giant cockroach closely misses you.
You closely miss the giant cockroach. You grab the giant cockroach.
You squeeze the giant cockroach.
The giant cockroach is heavily wounded.
You constrict the giant cockroach, but do no damage.
The giant cockroach bites you.
You die...

Action                   || total
-------------------------++-------
Melee: Unarmed           ||     3
       Constrict         ||     1
       Tentacles         ||     1
 Cast: Magic Dart        ||     7
Dodge: Dodged            ||     5

Levels and vault maps discovered:
D:1:      moated_graveyard_arrival, layout_rooms,
          hellmonk_ecumenical_altar_inner_sanctum, serial_shops, shop,
          nicolae_shop_stone, nicolae_shop_stone, nicolae_shop_window_shopping,
          minmay_vboxes

Notes
Turn   | Place    | Note
-------+----------+-------------------------------------------
     0 | D:1      | kingofthe the Octopode Conjurer began the quest for the
                  | Orb.
     0 | D:1      | Reached XP level 1. HP: 11/11 MP: 3/3
    72 | D:1      | HP: 1/11 [giant cockroach (2)]
    74 | D:1      | Slain by a giant cockroach

Vanquished Creatures
  A dart slug (D:1)
  A goblin (D:1)
2 creatures vanquished.

Table legend: (Time is in decaauts)
 A = Elapsed time spent in this place.
 B = Non-inter-level travel time spent in this place.
 C = Inter-level travel time spent in this place.
 D = Time resting spent in this place.
 E = Time spent auto-exploring this place.
 F = Levels seen in this place.
 G = Mean time per level.
                   A        B        C        D        E       F      G
               +--------+--------+--------+--------+--------+-----+--------+
         Total |     73 |     73 |      0 |      0 |     14 |   1 |   73.0 |
       Dungeon |     73 |     73 |      0 |      0 |     14 |   1 |   73.0 |
               +--------+--------+--------+--------+--------+-----+--------+

Top non-repeatable levels by time:
     D:1: 73 daAuts

Table legend:
 A = Non-vault XP
 B = Vault XP
 C = Vault XP percentage of total XP
 D = Non-vault monster count
 E = Vault monster count
 F = Vault count percentage of total count
                 A         B        C        D         E       F
            +---------+---------+-------+---------+---------+-------
      Total |       6 |       0 |   0.0 |       2 |       0 |   0.0
            +---------+---------+-------+---------+---------+-------
        D:1 |       6 |       0 |   0.0 |       2 |       0 |   0.0
            +---------+---------+-------+---------+---------+-------
